Capitals vs Nordiques

Created - 26 octobre 2016 at 23:59

Goals
1 2 3 T
Capitals 1 2 3 6
Nordiques 1 2 1 4
Shots
1 2 3 T
Capitals 10 14 7 31
Nordiques 17 12 4 33

1st period

1. Capitals , Jason Spezza 1 (Daniel Sedin) at 5:02 (PP)
2. Nordiques , Chris Drury 1 (Nikita Kucherov) at 6:24

Penalties :
Nikita Kucherov (Que) for Hooking (Minor) at 4:03, Ryan Ellis (Que) for Hooking (Minor) at 9:36, Paul Martin (Was) for Slashing (Minor) at 14:48, Jaroslav Halak (Was) for Slashing (Minor) at 18:17 - Joe Thornton served the penalty

2nd period

3. Capitals , Joe Thornton 1 (Johnny Oduya) at 1:58
4. Nordiques , Vaclav Prospal 1 (Ryan Ellis, R.J. Umberger) at 9:52
5. Capitals , Daniel Sedin 1 (Joe Pavelski, Jason Spezza) at 10:12
6. Nordiques , Chris Drury 2 (Dustin Byfuglien, Fedor Tyutin) at 16:21 (PP)

Penalties :
Daniel Sedin (Was) for Hooking (Minor) at 16:01, Daniel Sedin (Was) for Hooking (Minor) at 16:41

3rd period

7. Capitals , Jason Spezza 2 (Joe Pavelski) at 0:38 (PP)
8. Capitals , Jason Spezza 3 (Joe Pavelski) at 5:26
9. Capitals , Joe Pavelski 3 (Jason Spezza) at 9:34
10. Nordiques , Nikita Kucherov 1 (Chris Drury, R.J. Umberger) at 17:31

Penalties :
Fedor Tyutin (Que) for High sticking (Minor) at 0:22

Goalie Stats

Jaroslav Halak (Was), 29 saves from 33 shots - (0,879), W, 1-1-0, 60:00 minutes
Martin Brodeur (Que), 25 saves from 31 shots - (0,806), L, 0-1-0, 60:00 minutes

Players Stats for Capitals

Player Name              G  A  P  +/- PIM S  H  SB GA TA FO     MP     PP MP  PK MP  
------------------------------------------------------------------------------------
Adam Hall                0  0  0  -1  0   1  0  0  0  0  0/0    12:00   0:00   0:00 
Brian Campbell           0  0  0   1  0   0  1  0  0  0  0/0    13:39   0:00   0:36 
Chris Kelly              0  0  0  -1  0   2  0  0  1  0  3/7    12:58   0:00   0:42 
Cody Franson             0  0  0   0  0   2  0  0  1  0  0/0    20:15   0:59   2:43 
Daniel Sedin             1  1  2   3  4   4  2  1  0  0  1/2    19:46   2:19   1:34 
Jason Spezza             3  2  5   3  0   5  0  0  0  0  20/36  22:13   2:19   3:52 
Joe Pavelski             1  3  4   3  0   4  2  0  0  0  0/0    19:18   2:19   1:04 
Joe Thornton             1  0  1  -1  0   6  2  1  1  0  4/11   17:49   0:55   2:28 
Johnny Oduya             0  1  1   0  0   0  1  2  1  4  0/0    26:30   2:15   3:22 
Mark Giordano            0  0  0   1  0   0  1  0  0  1  0/0    13:56   0:00   0:53 
Patrik Elias             0  0  0  -1  0   0  0  1  0  0  1/1    16:07   0:55   0:56 
Paul Martin              0  0  0   0  2   0  2  4  0  2  0/0    25:22   2:15   2:15 
Pierre-Alexandre Parente 0  0  0   0  0   0  1  0  0  1  0/0     7:52   0:00   0:00 
Ryan Callahan            0  0  0  -1  0   2  0  0  1  0  0/0    15:11   0:55   0:00 
Saku Koivu               0  0  0   0  0   2  0  0  1  0  1/2    10:18   0:00   1:58 
Scott Parse              0  0  0   0  0   0  0  0  0  0  0/0     7:52   0:00   0:00 
Scottie Upshall          0  0  0  -1  0   1  0  1  0  1  0/0    12:16   0:00   0:00 
Tyler Myers              0  0  0   0  0   2  4  2  0  2  0/0    20:18   0:59   2:45 

Players Stats for Nordiques

Player Name              G  A  P  +/- PIM S  H  SB GA TA FO     MP     PP MP  PK MP  
------------------------------------------------------------------------------------
Chris Drury              2  1  3   1  0   4  1  1  0  0  18/33  23:20   3:28   2:00 
Dmitry Kulikov           0  0  0   1  0   1  1  0  0  1  0/0    20:35   2:34   1:31 
Dustin Byfuglien         0  1  1   0  0   2  1  2  1  1  0/0    25:46   3:43   1:04 
Fedor Tyutin             0  1  1   0  2   0  1  4  2  1  0/0    25:00   3:43   0:00 
Jarret Stoll             0  0  0  -1  0   0  0  0  0  0  4/6    11:03   0:00   1:03 
Jean-Pierre Dumont       0  0  0  -1  0   2  1  1  2  0  2/2    17:35   2:49   0:00 
Kyle Calder              0  0  0  -1  0   1  1  1  0  0  0/2    18:25   2:49   0:20 
Mark Eaton               0  0  0  -2  0   2  0  1  0  0  0/0    14:24   0:00   1:43 
Matt Moulson             0  0  0  -1  0   1  2  0  1  2  0/0    10:13   0:03   0:00 
Michael Ryder            0  0  0  -1  0   2  1  0  0  0  0/0     9:51   0:00   0:00 
Nikita Kucherov          1  1  2   1  2   4  3  0  2  0  1/2    21:23   3:25   0:00 
Nikolai Kulemin          0  0  0   0  0   0  1  0  1  0  0/0     7:51   0:00   0:00 
Pascal Dupuis            0  0  0   0  0   1  1  0  0  0  0/2     9:23   0:00   2:00 
R.J. Umberger            0  2  2   1  0   6  0  0  0  0  0/0    21:20   3:28   0:00 
Rich Peverley            0  0  0   0  0   1  0  0  0  0  2/7     8:28   0:00   1:05 
Ryan Ellis               0  1  1   1  2   3  0  3  1  1  0/0    20:07   2:34   0:27 
T.J. Fast                0  0  0  -2  0   1  0  2  0  0  0/0    14:24   0:00   1:43 
Vaclav Prospal           1  0  1  -1  0   2  2  0  1  0  2/5    17:35   2:49   0:00 

3 Stars

1 - Jason Spezza (Was)
2 - Joe Pavelski (Was)
3 - Chris Drury (Que)

Power Play

Capitals - 2 on 3 Attempt(s) - 66,67%
Nordiques - 1 on 4 Attempt(s) - 25,00%

Penalty Kill

Capitals - 3 on 4 Attempt(s) - 75,00% - Score 0 goal in Penalty Kill
Nordiques - 1 on 3 Attempt(s) - 33,33% - Score 0 goal in Penalty Kill

Team Stat

Capitals - Hits : 16 - Faceoff Wins : 30 - Blocked Shots : 12 - Penalty Minutes : 6
Nordiques - Hits : 16 - Faceoff Wins : 29 - Blocked Shots : 15 - Penalty Minutes : 6

Official

Referees : Sutherland Kelly and McCauley Wes
Linesman : Steve Miller and Vaughan Rody

Game Notes

Jason Spezza has scored a Hat Trick!

Finance

Level 1 -- Attendance: 4303 (71,72%) -- Ticket Income 430 300 $
Level 2 -- Attendance: 3208 (64,16%) -- Ticket Income 192 480 $
Level 3 -- Attendance: 1344 (67,20%) -- Ticket Income 55 104 $
Level 4 -- Attendance: 2248 (56,20%) -- Ticket Income 67 440 $
Luxury Box -- Attendance: 901 (90,10%) -- Ticket Income 144 160 $
Game was played at the Centre Videotron.
Total Attendance: 12004 (66,69%)
Total Ticket Income: 889 484 $
Other Income: 133 423 $
Total Income: 1 022 907 $

Capitals

5 vs 5 Forward 
   Center                   Left Wing                Right Wing               Time % Phy DF OF 
 1 Jason Spezza             Daniel Sedin             Joe Pavelski             40     1   2  2  
 2 Joe Thornton             Patrik Elias             Ryan Callahan            30     1   2  2  
 3 Chris Kelly              Scottie Upshall          Adam Hall                20     1   2  2  
 4 Saku Koivu               Scott Parse              Pierre-Alexandre Parentea10     1   2  2  

5 vs 5 Defense 
   Defense                  Defense                                           Time % Phy DF OF 
 1 Johnny Oduya             Paul Martin                                       40     1   2  2  
 2 Tyler Myers              Cody Franson                                      30     1   2  2  
 3 Brian Campbell           Mark Giordano                                     20     1   2  2  
 4 Johnny Oduya             Paul Martin                                       10     1   2  2  

PowerPlay Forward 
   Center                   Left Wing                Right Wing               Time % Phy DF OF 
 1 Jason Spezza             Daniel Sedin             Joe Pavelski             60     1   2  2  
 2 Joe Thornton             Patrik Elias             Ryan Callahan            40     1   2  2  

PowerPlay Defense
   Defense                  Defense                                           Time % Phy DF OF 
 1 Johnny Oduya             Paul Martin                                       60     1   2  2  
 2 Tyler Myers              Cody Franson                                      40     1   2  2  

Penalty Kill 4 Players Forward 
   Center                   Wing                     Time % Phy DF OF 
 1 Jason Spezza             Joe Thornton             60     1   2  2  
 2 Joe Pavelski             Daniel Sedin             40     1   2  2  

Penalty Kill 4 Players Defense
   Defense                  Defense                  Time % Phy DF OF 
 1 Johnny Oduya             Paul Martin              60     1   2  2  
 2 Tyler Myers              Cody Franson             40     1   2  2  

Penalty Kill - 3 Players Forward 
   Forward                                           Time % Phy DF OF 
 1 Jason Spezza                                      60     1   2  2  
 2 Joe Thornton                                      40     1   2  2  

Penalty Kill - 3 Players Defense
   Defense                  Defense                  Time % Phy DF OF 
 1 Johnny Oduya             Paul Martin              60     1   2  2  
 2 Tyler Myers              Cody Franson             40     1   2  2  

4 vs 4 Forward 
   Center                   Wing                     Time % Phy DF OF 
 1 Jason Spezza             Joe Thornton             60     1   2  2  
 2 Joe Pavelski             Daniel Sedin             40     1   2  2  

4 vs 4 Defense
   Defense                  Defense                  Time % Phy DF OF 
 1 Johnny Oduya             Paul Martin              60     1   2  2  
 2 Tyler Myers              Cody Franson             40     1   2  2  

Last Minutes Offensive
   Center                   Left Wing                Right Wing               Defense                  Defense                  
   Jason Spezza             Daniel Sedin             Joe Pavelski             Johnny Oduya             Paul Martin              

Last Minutes Defensive
   Center                   Left Wing                Right Wing               Defense                  Defense                  
   Jason Spezza             Daniel Sedin             Joe Pavelski             Johnny Oduya             Paul Martin              

Goaltenders
Starting : Jaroslav Halak           
Backup : Corey Crawford           

Extra Forwards
Normal : Chris Kelly, Scottie Upshall, Saku Koivu - PP : Chris Kelly, Scottie Upshall - PK : Saku Koivu
Extra Defensemen
Normal : Brian Campbell, Mark Giordano, Tyler Myers - PP : Brian Campbell - PK : Mark Giordano, Tyler Myers
Penalty Shots
Jason Spezza, Joe Thornton, Joe Pavelski, Daniel Sedin, Chris Kelly

Nordiques

5 vs 5 Forward 
   Center                   Left Wing                Right Wing               Time % Phy DF OF 
 1 Chris Drury              R.J. Umberger            Nikita Kucherov          40     1   0  4  
 2 Vaclav Prospal           Kyle Calder              Jean-Pierre Dumont       30     0   1  3  
 3 Jarret Stoll             Matt Moulson             Michael Ryder            20     2   1  2  
 4 Rich Peverley            Nikolai Kulemin          Pascal Dupuis            10     2   1  2  

5 vs 5 Defense 
   Defense                  Defense                                           Time % Phy DF OF 
 1 Fedor Tyutin             Dustin Byfuglien                                  40     1   1  3  
 2 Ryan Ellis               Dmitry Kulikov                                    30     1   1  3  
 3 T.J. Fast                Mark Eaton                                        20     1   3  1  
 4 Fedor Tyutin             Dustin Byfuglien                                  10     1   1  3  

PowerPlay Forward 
   Center                   Left Wing                Right Wing               Time % Phy DF OF 
 1 Chris Drury              R.J. Umberger            Nikita Kucherov          60     0   0  5  
 2 Vaclav Prospal           Kyle Calder              Jean-Pierre Dumont       40     0   0  5  

PowerPlay Defense
   Defense                  Defense                                           Time % Phy DF OF 
 1 Fedor Tyutin             Dustin Byfuglien                                  60     1   0  4  
 2 Ryan Ellis               Dmitry Kulikov                                    40     1   0  4  

Penalty Kill 4 Players Forward 
   Center                   Wing                     Time % Phy DF OF 
 1 Pascal Dupuis            Chris Drury              60     1   3  1  
 2 Jarret Stoll             Rich Peverley            40     1   3  1  

Penalty Kill 4 Players Defense
   Defense                  Defense                  Time % Phy DF OF 
 1 T.J. Fast                Mark Eaton               60     2   3  0  
 2 Ryan Ellis               Dmitry Kulikov           40     2   3  0  

Penalty Kill - 3 Players Forward 
   Forward                                           Time % Phy DF OF 
 1 Pascal Dupuis                                     60     1   4  0  
 2 Jarret Stoll                                      40     2   3  0  

Penalty Kill - 3 Players Defense
   Defense                  Defense                  Time % Phy DF OF 
 1 T.J. Fast                Mark Eaton               60     1   4  0  
 2 Dustin Byfuglien         Dmitry Kulikov           40     1   4  0  

4 vs 4 Forward 
   Center                   Wing                     Time % Phy DF OF 
 1 Chris Drury              Jean-Pierre Dumont       60     1   1  3  
 2 Vaclav Prospal           Nikita Kucherov          40     1   1  3  

4 vs 4 Defense
   Defense                  Defense                  Time % Phy DF OF 
 1 Ryan Ellis               Dmitry Kulikov           60     1   3  1  
 2 Fedor Tyutin             Dustin Byfuglien         40     1   3  1  

Last Minutes Offensive
   Center                   Left Wing                Right Wing               Defense                  Defense                  
   Chris Drury              R.J. Umberger            Nikita Kucherov          Ryan Ellis               Dmitry Kulikov           

Last Minutes Defensive
   Center                   Left Wing                Right Wing               Defense                  Defense                  
   Pascal Dupuis            Rich Peverley            Vaclav Prospal           T.J. Fast                Mark Eaton               

Goaltenders
Starting : Martin Brodeur           
Backup : Julien Ellis             

Extra Forwards
Normal : Matt Moulson, Nikolai Kulemin, Rich Peverley - PP : Matt Moulson, Nikolai Kulemin - PK : Rich Peverley
Extra Defensemen
Normal : Fedor Tyutin, Ryan Ellis, Dustin Byfuglien - PP : Fedor Tyutin - PK : Dmitry Kulikov, T.J. Fast
Penalty Shots
R.J. Umberger, Chris Drury, Vaclav Prospal, Dustin Byfuglien, Kyle Calder

% Time on Ice - Capitals

Lines # - Real PCT - Wanted PCT - Time Play
Normal Forward
1 - 32% - 40% - 16:18
2 - 28% - 30% - 14:19
3 - 24% - 20% - 12:00
4 - 16% - 10% - 7:52
Normal Defense
1 - 38% - 40% - 19:21
2 - 33% - 30% - 16:33
3 - 26% - 20% - 13:03
4 - 3% - 10% - 1:32
PP Forward
1 - 72% - 60% - 2:19
2 - 28% - 40% - 0:55
PP Defense
1 - 70% - 60% - 2:15
2 - 30% - 40% - 0:59
PK Forward
1 - 83% - 60% - 5:13
2 - 17% - 40% - 1:04
PK Defense
1 - 57% - 60% - 3:34
2 - 43% - 40% - 2:43
PK3 Forward
1 - 0% - 60%
2 - 0% - 40%
PK3 Defense
1 - 0% - 60%
2 - 0% - 40%
44 Forward
1 - 0% - 60%
2 - 0% - 40%
44 Defense
1 - 0% - 60%
2 - 0% - 40%
Last Minute Offensive  - 0:00
Last Minute Defensive  - 0:00
Total
Forward - 60:00
Defense - 60:00

% Time on Ice - Nordiques

Lines # - Real PCT - Wanted PCT - Time Play
Normal Forward
1 - 37% - 40% - 18:29
2 - 29% - 30% - 14:46
3 - 20% - 20% - 9:51
4 - 15% - 10% - 7:23
Normal Defense
1 - 39% - 40% - 19:55
2 - 33% - 30% - 16:30
3 - 24% - 20% - 12:16
4 - 4% - 10% - 1:48
PP Forward
1 - 55% - 60% - 3:28
2 - 45% - 40% - 2:49
PP Defense
1 - 59% - 60% - 3:43
2 - 41% - 40% - 2:34
PK Forward
1 - 72% - 60% - 2:20
2 - 28% - 40% - 0:54
PK Defense
1 - 53% - 60% - 1:43
2 - 47% - 40% - 1:31
PK3 Forward
1 - 0% - 60%
2 - 0% - 40%
PK3 Defense
1 - 0% - 60%
2 - 0% - 40%
44 Forward
1 - 0% - 60%
2 - 0% - 40%
44 Defense
1 - 0% - 60%
2 - 0% - 40%
Last Minute Offensive  - 0:00
Last Minute Defensive  - 0:00
Total
Forward - 60:00
Defense - 60:00

Play by Play

1st period


0:01 of 1st period - Jason Spezza wins face-off versus Chris Drury in neutral zone.
0:08 of 1st period - Snap shot by Joe Pavelski.
0:08 of 1st period - Shot Misses the Net.
0:10 of 1st period - Wrist shot by Jason Spezza.
0:10 of 1st period - Stopped by Martin Brodeur with a rebound.
1:56 of 1st period - Snap shot by Pierre-Alexandre Parenteau.
1:56 of 1st period - Shot Misses the Net.
2:10 of 1st period - Slapshot by Vaclav Prospal.
2:10 of 1st period - Shot Misses the Net.
2:12 of 1st period - Slapshot by Fedor Tyutin.
2:12 of 1st period - Shot Hit the Post.
2:14 of 1st period - Slapshot by Fedor Tyutin.
2:14 of 1st period - Deflect By Jean-Pierre Dumont.
2:14 of 1st period - Stopped by Jaroslav Halak with a rebound.
2:24 of 1st period - Snap shot by Vaclav Prospal.
2:24 of 1st period - Stopped by Jaroslav Halak with a rebound.
2:32 of 1st period - Snap shot by Vaclav Prospal.
2:32 of 1st period - Deflect By Jean-Pierre Dumont.
2:32 of 1st period - Shot Blocked by Tyler Myers.
2:32 of 1st period - Puck is out of play.
2:33 of 1st period - Jason Spezza wins face-off versus Chris Drury in Capitals zone.
2:49 of 1st period - Wrist shot by Chris Drury.
2:49 of 1st period - Shot Misses the Net.
3:24 of 1st period - Wrist shot by Adam Hall.
3:24 of 1st period - Deflect By Pascal Dupuis.
3:24 of 1st period - Stopped by Martin Brodeur without a rebound.
3:25 of 1st period - Chris Kelly wins face-off versus Rich Peverley in Nordiques zone.
3:36 of 1st period - Snap shot by Ryan Ellis.
3:36 of 1st period - Shot Misses the Net.
3:55 of 1st period - Jason Spezza is hit by Nikita Kucherov and loses puck.
4:03 of 1st period - Minor Penalty to Nikita Kucherov for Hooking.
4:04 of 1st period - Jason Spezza wins face-off versus Pascal Dupuis in Nordiques zone.
4:04 of 1st period - Snap shot by Daniel Sedin.
4:04 of 1st period - Shot Misses the Net.
5:02 of 1st period - Wrist shot by Jason Spezza.
5:02 of 1st period - Goal by Jason Spezza - Capitals : 1 - Nordiques : 0.
5:03 of 1st period - Patrik Elias wins face-off versus Chris Drury in neutral zone.
5:06 of 1st period - Wrist shot by Joe Thornton.
5:06 of 1st period - Stopped by Martin Brodeur with a rebound.
5:10 of 1st period - Wrist shot by Joe Thornton.
5:10 of 1st period - Deflect By Ryan Callahan.
5:10 of 1st period - Stopped by Martin Brodeur without a rebound.
5:11 of 1st period - Chris Drury wins face-off versus Joe Thornton in Nordiques zone.
5:22 of 1st period - Slapshot by Nikita Kucherov.
5:22 of 1st period - Stopped by Jaroslav Halak without a rebound.
5:23 of 1st period - Chris Drury wins face-off versus Jason Spezza in Capitals zone.
5:48 of 1st period - Paul Martin is hit by Matt Moulson.
6:07 of 1st period - Icing by Ryan Callahan.
6:08 of 1st period - Rich Peverley wins face-off versus Chris Kelly in Capitals zone.
6:09 of 1st period - Wrist shot by Pascal Dupuis.
6:09 of 1st period - Stopped by Jaroslav Halak with a rebound.
6:14 of 1st period - Off-side.
6:15 of 1st period - Chris Drury wins face-off versus Chris Kelly in neutral zone.
6:24 of 1st period - Slapshot by Chris Drury.
6:24 of 1st period - Goal by Chris Drury - Capitals : 1 - Nordiques : 1.
6:25 of 1st period - Daniel Sedin wins face-off versus Chris Drury in neutral zone.
6:34 of 1st period - Snap shot by Jason Spezza.
6:34 of 1st period - Shot Misses the Net.
7:09 of 1st period - Snap shot by Jean-Pierre Dumont.
7:09 of 1st period - Shot Misses the Net.
7:11 of 1st period - Slapshot by Ryan Ellis.
7:11 of 1st period - Deflect By Johnny Oduya.
7:11 of 1st period - Stopped by Jaroslav Halak without a rebound.
7:12 of 1st period - Vaclav Prospal wins face-off versus Chris Kelly in Capitals zone.
7:37 of 1st period - Brian Campbell is hit by Vaclav Prospal and loses puck.
8:38 of 1st period - Icing by Brian Campbell.
8:39 of 1st period - Chris Kelly wins face-off versus Chris Drury in Capitals zone.
8:52 of 1st period - Slapshot by R.J. Umberger.
8:52 of 1st period - Stopped by Jaroslav Halak with a rebound.
9:04 of 1st period - Daniel Sedin is hit by Matt Moulson and loses puck.
9:25 of 1st period - Snap shot by Ryan Callahan.
9:25 of 1st period - Stopped by Martin Brodeur without a rebound.
9:26 of 1st period - Joe Thornton wins face-off versus Rich Peverley in Nordiques zone.
9:36 of 1st period - Minor Penalty to Ryan Ellis for Hooking.
9:37 of 1st period - Jason Spezza wins face-off versus Pascal Dupuis in Nordiques zone.
9:51 of 1st period - Snap shot by Joe Pavelski.
9:51 of 1st period - Stopped by Martin Brodeur with a rebound.
10:03 of 1st period - Pascal Dupuis is hit by Joe Thornton and loses puck.
11:03 of 1st period - Dustin Byfuglien is hit by Daniel Sedin and loses puck.
11:36 of 1st period - Penalty to Ryan Ellis is over, Ryan Ellis is back on ice.
12:37 of 1st period - Cody Franson is hit by Pascal Dupuis and loses puck.
13:03 of 1st period - R.J. Umberger is hit by Tyler Myers and loses puck.
13:08 of 1st period - Wrist shot by Scottie Upshall.
13:08 of 1st period - Shot Misses the Net.
13:10 of 1st period - Snap shot by Chris Kelly.
13:10 of 1st period - Stopped by Martin Brodeur with a rebound.
13:40 of 1st period - T.J. Fast is hit by Joe Pavelski.
14:09 of 1st period - Icing by Chris Kelly.
14:10 of 1st period - Joe Thornton wins face-off versus Rich Peverley in Capitals zone.
14:17 of 1st period - Backhand shot by Rich Peverley.
14:17 of 1st period - Stopped by Jaroslav Halak without a rebound.
14:18 of 1st period - Joe Thornton wins face-off versus Jarret Stoll in Capitals zone.
14:32 of 1st period - Jarret Stoll is hit by Tyler Myers and loses puck.
14:43 of 1st period - Slapshot by Dmitry Kulikov.
14:43 of 1st period - Shot Misses the Net.
14:45 of 1st period - Slapshot by Dmitry Kulikov.
14:45 of 1st period - Stopped by Jaroslav Halak without a rebound.
14:46 of 1st period - Jason Spezza wins face-off versus Chris Drury in Capitals zone.
14:48 of 1st period - Minor Penalty to Paul Martin for Slashing.
14:49 of 1st period - Chris Drury wins face-off versus Jason Spezza in Capitals zone.
15:45 of 1st period - R.J. Umberger is hit by Tyler Myers and loses puck.
16:48 of 1st period - Penalty to Paul Martin is over, Paul Martin is back on ice.
16:57 of 1st period - Wrist shot by Michael Ryder.
16:57 of 1st period - Shot Misses the Net.
16:59 of 1st period - Slapshot by Matt Moulson.
16:59 of 1st period - Stopped by Jaroslav Halak without a rebound.
17:00 of 1st period - Jarret Stoll wins face-off versus Saku Koivu in Capitals zone.
17:01 of 1st period - Slapshot by Michael Ryder.
17:01 of 1st period - Stopped by Jaroslav Halak with a rebound.
17:03 of 1st period - Slapshot by Michael Ryder.
17:03 of 1st period - Stopped by Jaroslav Halak with a rebound.
17:05 of 1st period - Slapshot by Mark Eaton.
17:05 of 1st period - Stopped by Jaroslav Halak with a rebound.
17:07 of 1st period - Snap shot by Mark Eaton.
17:07 of 1st period - Shot Blocked by Paul Martin.
17:09 of 1st period - Snap shot by Jarret Stoll.
17:09 of 1st period - Shot Misses the Net.
17:11 of 1st period - Slapshot by T.J. Fast.
17:11 of 1st period - Stopped by Jaroslav Halak with a rebound.
17:13 of 1st period - Slapshot by Mark Eaton.
17:13 of 1st period - Shot Blocked by Johnny Oduya.
17:15 of 1st period - Wrist shot by T.J. Fast.
17:15 of 1st period - Deflect By Jarret Stoll.
17:15 of 1st period - Shot Blocked by Johnny Oduya.
17:15 of 1st period - Puck is out of play.
17:16 of 1st period - Jason Spezza wins face-off versus Rich Peverley in Capitals zone.
17:23 of 1st period - Wrist shot by Daniel Sedin.
17:23 of 1st period - Shot Blocked by Fedor Tyutin.
17:25 of 1st period - Backhand shot by Tyler Myers.
17:25 of 1st period - Stopped by Martin Brodeur with a rebound.
17:27 of 1st period - Snap shot by Joe Pavelski.
17:27 of 1st period - Stopped by Martin Brodeur without a rebound.
17:28 of 1st period - Chris Drury wins face-off versus Jason Spezza in Nordiques zone.
18:01 of 1st period - Paul Martin is hit by Dustin Byfuglien.
18:05 of 1st period - Slapshot by Chris Drury.
18:05 of 1st period - Stopped by Jaroslav Halak with a rebound.
18:07 of 1st period - Wrist shot by Nikita Kucherov.
18:07 of 1st period - Deflect By R.J. Umberger.
18:07 of 1st period - Stopped by Jaroslav Halak with a rebound.
18:17 of 1st period - Snap shot by R.J. Umberger.
18:17 of 1st period - Stopped by Jaroslav Halak without a rebound.
18:17 of 1st period - Minor Penalty to Jaroslav Halak for Slashing.
18:18 of 1st period - Jason Spezza wins face-off versus Kyle Calder in Capitals zone.
18:33 of 1st period - Snap shot by Jean-Pierre Dumont.
18:33 of 1st period - Shot Misses the Net.
19:53 of 1st period - Jason Spezza is hit by Vaclav Prospal and loses puck.
Goals for this period are 1 for Capitals vs 1 for Nordiques.
Shots for this period are 10 for Capitals vs 17 for Nordiques.

2nd period


0:01 of 2nd period - Chris Drury wins face-off versus Jason Spezza in neutral zone.
0:04 of 2nd period - Wrist shot by Dustin Byfuglien.
0:04 of 2nd period - Stopped by Jaroslav Halak with a rebound.
0:16 of 2nd period - Slapshot by Paul Martin.
0:16 of 2nd period - Shot Blocked by Chris Drury.
0:17 of 2nd period - Penalty to Joe Thornton is over, Joe Thornton is back on ice.
0:18 of 2nd period - Snap shot by Joe Thornton.
0:18 of 2nd period - Shot Misses the Net.
0:20 of 2nd period - Wrist shot by Saku Koivu.
0:20 of 2nd period - Shot Blocked by Fedor Tyutin.
0:42 of 2nd period - Wrist shot by Jean-Pierre Dumont.
0:42 of 2nd period - Shot Misses the Net.
1:23 of 2nd period - Wrist shot by Jason Spezza.
1:23 of 2nd period - Shot Blocked by Ryan Ellis.
1:25 of 2nd period - Slapshot by Cody Franson.
1:25 of 2nd period - Stopped by Martin Brodeur without a rebound.
1:26 of 2nd period - Jason Spezza wins face-off versus Chris Drury in Nordiques zone.
1:27 of 2nd period - Snap shot by Joe Pavelski.
1:27 of 2nd period - Shot Blocked by Ryan Ellis.
1:58 of 2nd period - Snap shot by Joe Thornton.
1:58 of 2nd period - Goal by Joe Thornton - Capitals : 2 - Nordiques : 1.
1:59 of 2nd period - Chris Drury wins face-off versus Jason Spezza in neutral zone.
2:12 of 2nd period - Snap shot by Jason Spezza.
2:12 of 2nd period - Stopped by Martin Brodeur with a rebound.
2:14 of 2nd period - Wrist shot by Daniel Sedin.
2:14 of 2nd period - Stopped by Martin Brodeur with a rebound.
2:34 of 2nd period - Icing by Tyler Myers.
2:35 of 2nd period - Jarret Stoll wins face-off versus Joe Thornton in Capitals zone.
2:44 of 2nd period - Snap shot by Michael Ryder.
2:44 of 2nd period - Shot Misses the Net.
3:27 of 2nd period - Snap shot by Kyle Calder.
3:27 of 2nd period - Stopped by Jaroslav Halak without a rebound.
3:28 of 2nd period - Chris Drury wins face-off versus Jason Spezza in Capitals zone.
3:37 of 2nd period - R.J. Umberger is hit by Paul Martin and loses puck.
4:58 of 2nd period - Icing by Cody Franson.
4:59 of 2nd period - Chris Drury wins face-off versus Jason Spezza in Capitals zone.
5:14 of 2nd period - Wrist shot by Chris Drury.
5:14 of 2nd period - Shot Misses the Net.
5:33 of 2nd period - Slapshot by Joe Thornton.
5:33 of 2nd period - Stopped by Martin Brodeur with a rebound.
5:35 of 2nd period - Wrist shot by Patrik Elias.
5:35 of 2nd period - Shot Blocked by Jean-Pierre Dumont.
6:05 of 2nd period - Dmitry Kulikov is hit by Pierre-Alexandre Parenteau and loses puck.
6:12 of 2nd period - Snap shot by Pierre-Alexandre Parenteau.
6:12 of 2nd period - Shot Misses the Net.
6:50 of 2nd period - Wrist shot by Patrik Elias.
6:50 of 2nd period - Shot Blocked by Kyle Calder.
6:52 of 2nd period - Snap shot by Joe Thornton.
6:52 of 2nd period - Shot Blocked by T.J. Fast.
7:14 of 2nd period - Snap shot by Scottie Upshall.
7:14 of 2nd period - Shot Misses the Net.
7:16 of 2nd period - Backhand shot by Chris Kelly.
7:16 of 2nd period - Stopped by Martin Brodeur with a rebound.
7:18 of 2nd period - Slapshot by Tyler Myers.
7:18 of 2nd period - Shot Blocked by T.J. Fast.
8:08 of 2nd period - Fedor Tyutin is hit by Mark Giordano and loses puck.
8:16 of 2nd period - Off-side.
8:17 of 2nd period - Joe Thornton wins face-off versus Chris Drury in neutral zone.
8:42 of 2nd period - Ryan Ellis is hit by Paul Martin and loses puck.
9:28 of 2nd period - Snap shot by Saku Koivu.
9:28 of 2nd period - Stopped by Martin Brodeur with a rebound.
9:30 of 2nd period - Slapshot by Cody Franson.
9:30 of 2nd period - Shot Misses the Net.
9:48 of 2nd period - Wrist shot by Ryan Ellis.
9:48 of 2nd period - Stopped by Jaroslav Halak with a rebound.
9:50 of 2nd period - Slapshot by Ryan Ellis.
9:50 of 2nd period - Stopped by Jaroslav Halak with a rebound.
9:52 of 2nd period - Snap shot by Vaclav Prospal.
9:52 of 2nd period - Goal by Vaclav Prospal - Capitals : 2 - Nordiques : 2.
9:53 of 2nd period - Jason Spezza wins face-off versus Vaclav Prospal in neutral zone.
9:56 of 2nd period - Slapshot by Tyler Myers.
9:56 of 2nd period - Stopped by Martin Brodeur without a rebound.
9:57 of 2nd period - Jason Spezza wins face-off versus Vaclav Prospal in Nordiques zone.
9:58 of 2nd period - Wrist shot by Joe Pavelski.
9:58 of 2nd period - Shot Blocked by Fedor Tyutin.
10:00 of 2nd period - Wrist shot by Daniel Sedin.
10:00 of 2nd period - Stopped by Martin Brodeur with a rebound.
10:02 of 2nd period - Slapshot by Tyler Myers.
10:02 of 2nd period - Shot Misses the Net.
10:10 of 2nd period - Wrist shot by Jason Spezza.
10:10 of 2nd period - Deflect By Joe Pavelski.
10:10 of 2nd period - Stopped by Martin Brodeur with a rebound.
10:12 of 2nd period - Wrist shot by Daniel Sedin.
10:12 of 2nd period - Goal by Daniel Sedin - Capitals : 3 - Nordiques : 2.
10:13 of 2nd period - Jason Spezza wins face-off versus Chris Drury in neutral zone.
10:42 of 2nd period - Snap shot by Adam Hall.
10:42 of 2nd period - Shot Misses the Net.
10:48 of 2nd period - Scottie Upshall is hit by Fedor Tyutin and loses puck.
10:59 of 2nd period - Snap shot by Chris Drury.
10:59 of 2nd period - Stopped by Jaroslav Halak without a rebound.
11:00 of 2nd period - Jason Spezza wins face-off versus Kyle Calder in Capitals zone.
11:17 of 2nd period - Paul Martin is hit by Jean-Pierre Dumont and loses puck.
11:34 of 2nd period - Slapshot by Ryan Ellis.
11:34 of 2nd period - Shot Blocked by Paul Martin.
11:36 of 2nd period - Slapshot by Ryan Ellis.
11:36 of 2nd period - Shot Misses the Net.
11:38 of 2nd period - Wrist shot by Matt Moulson.
11:38 of 2nd period - Shot Misses the Net.
12:42 of 2nd period - Wrist shot by Daniel Sedin.
12:42 of 2nd period - Stopped by Martin Brodeur without a rebound.
12:43 of 2nd period - Jarret Stoll wins face-off versus Joe Thornton in Nordiques zone.
13:09 of 2nd period - Daniel Sedin is hit by Nikita Kucherov and loses puck.
13:34 of 2nd period - Snap shot by Chris Kelly.
13:34 of 2nd period - Deflect By Adam Hall.
13:34 of 2nd period - Shot Blocked by Ryan Ellis.
13:34 of 2nd period - Puck is out of play.
13:35 of 2nd period - Chris Kelly wins face-off versus Vaclav Prospal in Nordiques zone.
13:36 of 2nd period - Snap shot by Scottie Upshall.
13:36 of 2nd period - Stopped by Martin Brodeur with a rebound.
13:50 of 2nd period - Snap shot by Jean-Pierre Dumont.
13:50 of 2nd period - Shot Blocked by Scottie Upshall.
15:27 of 2nd period - Backhand shot by Mark Eaton.
15:27 of 2nd period - Stopped by Jaroslav Halak without a rebound.
15:28 of 2nd period - Chris Drury wins face-off versus Joe Thornton in Capitals zone.
15:29 of 2nd period - Snap shot by Nikita Kucherov.
15:29 of 2nd period - Stopped by Jaroslav Halak with a rebound.
15:31 of 2nd period - Slapshot by R.J. Umberger.
15:31 of 2nd period - Shot Blocked by Paul Martin.
15:33 of 2nd period - Wrist shot by R.J. Umberger.
15:33 of 2nd period - Stopped by Jaroslav Halak with a rebound.
15:35 of 2nd period - Snap shot by Nikita Kucherov.
15:35 of 2nd period - Shot Blocked by Paul Martin.
15:37 of 2nd period - Slapshot by Dustin Byfuglien.
15:37 of 2nd period - Stopped by Jaroslav Halak with a rebound.
15:39 of 2nd period - Snap shot by R.J. Umberger.
15:39 of 2nd period - Stopped by Jaroslav Halak without a rebound.
15:40 of 2nd period - Nikita Kucherov wins face-off versus Jason Spezza in Capitals zone.
16:01 of 2nd period - Minor Penalty to Daniel Sedin for Hooking.
16:02 of 2nd period - Jason Spezza wins face-off versus Chris Drury in Capitals zone.
16:08 of 2nd period - Icing by Fedor Tyutin.
16:09 of 2nd period - Chris Drury wins face-off versus Jason Spezza in Nordiques zone.
16:21 of 2nd period - Slapshot by Chris Drury.
16:21 of 2nd period - Goal by Chris Drury - Capitals : 3 - Nordiques : 3.
16:22 of 2nd period - Jason Spezza wins face-off versus Chris Drury in neutral zone.
16:41 of 2nd period - Minor Penalty to Daniel Sedin for Hooking.
16:42 of 2nd period - Jason Spezza wins face-off versus Chris Drury in Capitals zone.
17:42 of 2nd period - Dmitry Kulikov is hit by Tyler Myers and loses puck.
18:27 of 2nd period - Icing by Jean-Pierre Dumont.
18:28 of 2nd period - Jean-Pierre Dumont wins face-off versus Jason Spezza in Nordiques zone.
18:41 of 2nd period - Penalty to Daniel Sedin is over, Daniel Sedin is back on ice.
19:18 of 2nd period - Snap shot by Scott Parse.
19:18 of 2nd period - Deflect By Saku Koivu.
19:18 of 2nd period - Stopped by Martin Brodeur with a rebound.
19:34 of 2nd period - Nikita Kucherov is hit by Brian Campbell and loses puck.
19:46 of 2nd period - Off-side.
19:47 of 2nd period - Vaclav Prospal wins face-off versus Joe Thornton in neutral zone.
Goals for this period are 2 for Capitals vs 2 for Nordiques.
Shots for this period are 14 for Capitals vs 12 for Nordiques.

3rd period


0:01 of 3rd period - Jason Spezza wins face-off versus Nikita Kucherov in neutral zone.
0:22 of 3rd period - Minor Penalty to Fedor Tyutin for High sticking.
0:23 of 3rd period - Chris Drury wins face-off versus Jason Spezza in Nordiques zone.
0:23 of 3rd period - Chris Drury is hit by Joe Pavelski.
0:33 of 3rd period - Mark Eaton is hit by Daniel Sedin and loses puck.
0:38 of 3rd period - Snap shot by Jason Spezza.
0:38 of 3rd period - Goal by Jason Spezza - Capitals : 4 - Nordiques : 3.
0:39 of 3rd period - Chris Drury wins face-off versus Jason Spezza in neutral zone.
0:42 of 3rd period - Wrist shot by Chris Drury.
0:42 of 3rd period - Deflect By R.J. Umberger.
0:42 of 3rd period - Shot Blocked by Daniel Sedin.
0:42 of 3rd period - Puck is out of play.
0:43 of 3rd period - Chris Drury wins face-off versus Jason Spezza in Capitals zone.
3:04 of 3rd period - Snap shot by Matt Moulson.
3:04 of 3rd period - Shot Blocked by Patrik Elias.
3:06 of 3rd period - Snap shot by Jarret Stoll.
3:06 of 3rd period - Shot Misses the Net.
3:31 of 3rd period - Snap shot by Patrik Elias.
3:31 of 3rd period - Shot Blocked by Fedor Tyutin.
3:50 of 3rd period - Slapshot by Joe Thornton.
3:50 of 3rd period - Shot Blocked by Dustin Byfuglien.
4:06 of 3rd period - Snap shot by Joe Thornton.
4:06 of 3rd period - Stopped by Martin Brodeur with a rebound.
4:08 of 3rd period - Wrist shot by Ryan Callahan.
4:08 of 3rd period - Shot Misses the Net.
4:10 of 3rd period - Slapshot by Cody Franson.
4:10 of 3rd period - Deflect By Jean-Pierre Dumont.
4:10 of 3rd period - Stopped by Martin Brodeur with a rebound.
4:12 of 3rd period - Slapshot by Cody Franson.
4:12 of 3rd period - Shot Misses the Net.
4:14 of 3rd period - Wrist shot by Joe Thornton.
4:14 of 3rd period - Stopped by Martin Brodeur with a rebound.
4:16 of 3rd period - Slapshot by Brian Campbell.
4:16 of 3rd period - Shot Blocked by Dustin Byfuglien.
4:30 of 3rd period - Dustin Byfuglien is hit by Joe Thornton and loses puck.
5:18 of 3rd period - Wrist shot by Joe Thornton.
5:18 of 3rd period - Stopped by Martin Brodeur without a rebound.
5:19 of 3rd period - Jason Spezza wins face-off versus Chris Drury in Nordiques zone.
5:24 of 3rd period - Snap shot by Joe Pavelski.
5:24 of 3rd period - Shot Misses the Net.
5:26 of 3rd period - Slapshot by Jason Spezza.
5:26 of 3rd period - Goal by Jason Spezza - Capitals : 5 - Nordiques : 3.
5:27 of 3rd period - Jason Spezza wins face-off versus Chris Drury in neutral zone.
5:37 of 3rd period - Icing by Dmitry Kulikov.
5:38 of 3rd period - Jason Spezza wins face-off versus Chris Drury in Nordiques zone.
6:26 of 3rd period - Icing by Paul Martin.
6:27 of 3rd period - Saku Koivu wins face-off versus Rich Peverley in Capitals zone.
9:32 of 3rd period - Icing by T.J. Fast.
9:33 of 3rd period - Jason Spezza wins face-off versus Jarret Stoll in Nordiques zone.
9:34 of 3rd period - Slapshot by Joe Pavelski.
9:34 of 3rd period - Goal by Joe Pavelski - Capitals : 6 - Nordiques : 3.
9:35 of 3rd period - Chris Drury wins face-off versus Jason Spezza in neutral zone.
9:40 of 3rd period - Slapshot by Fedor Tyutin.
9:40 of 3rd period - Shot Misses the Net.
9:42 of 3rd period - Slapshot by Fedor Tyutin.
9:42 of 3rd period - Shot Misses the Net.
9:44 of 3rd period - Snap shot by R.J. Umberger.
9:44 of 3rd period - Stopped by Jaroslav Halak with a rebound.
10:51 of 3rd period - Off-side.
10:52 of 3rd period - Chris Drury wins face-off versus Daniel Sedin in neutral zone.
12:52 of 3rd period - Cody Franson is hit by Dmitry Kulikov and loses puck.
13:09 of 3rd period - Snap shot by Michael Ryder.
13:09 of 3rd period - Shot Blocked by Tyler Myers.
13:25 of 3rd period - Patrik Elias is hit by Nikita Kucherov and loses puck.
13:47 of 3rd period - Tyler Myers is hit by Nikolai Kulemin and loses puck.
14:10 of 3rd period - Snap shot by Scottie Upshall.
14:10 of 3rd period - Shot Blocked by Mark Eaton.
14:16 of 3rd period - Chris Kelly is hit by Kyle Calder and loses puck.
14:56 of 3rd period - Mark Giordano is hit by Michael Ryder and loses puck.
15:04 of 3rd period - Icing by Chris Kelly.
15:05 of 3rd period - Rich Peverley wins face-off versus Chris Kelly in Capitals zone.
15:08 of 3rd period - Snap shot by Chris Drury.
15:08 of 3rd period - Shot Misses the Net.
15:10 of 3rd period - Slapshot by Nikita Kucherov.
15:10 of 3rd period - Stopped by Jaroslav Halak without a rebound.
15:11 of 3rd period - Chris Drury wins face-off versus Jason Spezza in Capitals zone.
15:14 of 3rd period - Wrist shot by Chris Drury.
15:14 of 3rd period - Shot Misses the Net.
15:36 of 3rd period - Vaclav Prospal is hit by Johnny Oduya.
15:46 of 3rd period - Snap shot by Jean-Pierre Dumont.
15:46 of 3rd period - Stopped by Jaroslav Halak without a rebound.
15:47 of 3rd period - Chris Drury wins face-off versus Joe Thornton in Capitals zone.
16:00 of 3rd period - Wrist shot by Chris Drury.
16:00 of 3rd period - Shot Blocked by Joe Thornton.
17:23 of 3rd period - Snap shot by Ryan Callahan.
17:23 of 3rd period - Shot Misses the Net.
17:31 of 3rd period - Snap shot by Chris Drury.
17:31 of 3rd period - Deflect By Nikita Kucherov.
17:31 of 3rd period - Goal by Nikita Kucherov - Capitals : 6 - Nordiques : 4.
17:32 of 3rd period - Jarret Stoll wins face-off versus Jason Spezza in neutral zone.
18:17 of 3rd period - Snap shot by Joe Thornton.
18:17 of 3rd period - Deflect By Jean-Pierre Dumont.
18:17 of 3rd period - Shot Misses the Net.
18:17 of 3rd period - Puck is out of play.
18:18 of 3rd period - Jean-Pierre Dumont wins face-off versus Joe Thornton in Nordiques zone.
19:09 of 3rd period - Wrist shot by Nikita Kucherov.
19:09 of 3rd period - Shot Misses the Net.
19:35 of 3rd period - Joe Pavelski is hit by Chris Drury and loses puck.
Goals for this period are 3 for Capitals vs 1 for Nordiques.
Shots for this period are 7 for Capitals vs 4 for Nordiques.